 Dungeon Crawl Stone Soup version 0.27-a0-1312-g5cdb2b3542 (webtiles) character file.

Game seed: 3941082255129638526

4 BlueGoblin the Vexing (level 1, 0/7 HPs)
             Began as a Felid Enchanter on June 20, 2021.
             Slain by a quokka (4 damage)
             ... on level 1 of the Dungeon.
             The game lasted 00:01:18 (445 turns).

BlueGoblin the Vexing (Felid Enchanter)              Turns: 445, Time: 00:01:19

Health: 0/7        AC:  1    Str:  4    XL:     1   Next: 58%
Magic:  4/4        EV: 17    Int: 16    God:
Gold:   84         SH:  0    Dex: 16    Spells: 3/4 levels left
                                        Lives:  0   Deaths: 0

rFire    . . .     SeeInvis +     - Unarmed
rCold    . . .     Faith    .   (shield unavailable)
rNeg     . . .     Spirit   .   (armour unavailable)
rPois    .         Reflect  .   (helmet unavailable)
rElec    .         Harm     .   (cloak unavailable)
rCorr    .         Rampage  .   (gloves unavailable)
Will     .....                  (boots unavailable)
Stlth    +++.......             (no amulet)
HPRegen  0.02/turn              (no ring)
MPRegen  0.09/turn              (no ring)

@: quick
A: very small, claws 1, fangs 3, see invisible, speed 1, shaggy fur 1, stealthy
paws, no weapons or thrown items, no armour, multi-lived
a: no special abilities


You were on level 1 of the Dungeon.
You visited 1 branch of the dungeon, and saw 1 of its levels.

You collected 84 gold pieces.

Inventory:

Jewellery
 d - a +6 ring of dexterity
Scrolls
 a - a scroll of noise {unknown}
 b - 2 scrolls of teleportation {unknown}
 c - a scroll of blinking {unknown}


   Skills:
 + Level 2.7 Dodging
 + Level 4.1 Stealth
 + Level 1.0 Unarmed Combat
 + Level 2.1 Spellcasting
 + Level 4.6 Hexes


You had 3 spell levels left.
You knew the following spells:

 Your Spells              Type           Power      Damage    Failure   Level
a - Corona                Hex            17%        N/A       3%          1

Your spell library contained the following spells:

 Spells                   Type           Power      Damage    Failure   Level
 Confusing Touch          Hex            16%        N/A       10%         3
 Tukima's Dance           Hex            16%        N/A       10%         3
 Ensorcelled Hibernation  Hex/Ice        18%        N/A       12%         2
 Dazzling Flash           Conj/Hex       18%        N/A       24%         3


Dungeon Overview and Level Annotations

Branches:
Dungeon (1/15)

Altars:

Shops:
D:1 [


Innate Abilities, Weirdness & Mutations

You have sharp claws.
You have razor-sharp teeth.
You have supernaturally acute eyesight. (SInv)
You cover ground quickly. (Speed+)
You are covered in fur. (AC +1)
Your paws help you pounce on unaware monsters.
You are incapable of wielding weapons or throwing items.
You cannot wear armour.
You gain extra lives every three experience levels.


Message History

There is an open door here.
You open the door.
There is an open door here.
You open the door.
A frilled lizard comes into view.
There is an open door here.
You pounce on the unaware helpless frilled lizard!
You claw the frilled lizard!
You kill the frilled lizard!
You open the door.
A quokka comes into view.
Found a shiny bone ring.
There is an open door here.
The helpless quokka fails to defend itself.
You claw the quokka!
You kill the quokka!
d - a +6 ring of dexterity You open the door.
There is an open door here.
A quokka comes into view.
A frilled lizard comes into view.
The frilled lizard hisses angrily.
You closely miss the quokka. The quokka barely misses you.
You barely miss the quokka. The quokka barely misses you.
The frilled lizard closely misses you.
You scratch the quokka. You bite the quokka, but do no damage.
The quokka is heavily wounded.
The quokka closely misses you.
You scratch the quokka but do no damage.
Your bite misses the quokka.
The quokka is heavily wounded.
The quokka bites you. The quokka misses you.
You closely miss the quokka.
The quokka is heavily wounded.
The quokka barely misses you.
You scratch the quokka but do no damage.
The quokka is heavily wounded.
The quokka bites you.
Ouch! That really hurt!
You die...

..##...## ###.....#
### # ##...## #.. #
##.## #.## # # #.#
...# .# # #.# #..#..#
# ##'## #l....# #
##...## #r# #
###.....## ##@# ..#
##.......## ##..#...#
#.........####.......#
+.........'........###
#.........####...#.#
##.......## ##.##.#
##.....## ### .#
##...## # ##+##


You could see a quokka and a frilled lizard.

Vanquished Creatures
  An endoplasm (D:1)
  A quokka (D:1)
  A bat (D:1)
  A frilled lizard (D:1)
  A kobold (D:1)
5 creatures vanquished.

Notes
Turn   | Place    | Note
-------+----------+-------------------------------------------
     0 | D:1      | BlueGoblin the Felid Enchanter began the quest for the Orb.
     0 | D:1      | Reached XP level 1. HP: 7/7 MP: 4/4
   270 | D:1      | Found Gokaq's Armour Emporium.
   445 | D:1      | Slain by a quokka

Illustrated notes

Levels and vault maps discovered:
D:1:      arrival_zaba_pyramid, layout_loops_corners, serial_shops,
          nicolae_shop_waterfront

Action                   || total
-------------------------++-------
Melee: Unarmed           ||    17
       Bite              ||     2
 Stab: Sleeping          ||     3
Dodge: Dodged            ||    16

Table legend: (Time is in decaauts)
 A = Elapsed time spent in this place.
 B = Non-inter-level travel time spent in this place.
 C = Inter-level travel time spent in this place.
 D = Time resting spent in this place.
 E = Time spent auto-exploring this place.
 F = Levels seen in this place.
 G = Mean time per level.
                   A        B        C        D        E       F      G
               +--------+--------+--------+--------+--------+-----+--------+
         Total |    365 |    365 |      0 |      0 |    288 |   1 |  365.0 |
       Dungeon |    365 |    365 |      0 |      0 |    288 |   1 |  365.0 |
               +--------+--------+--------+--------+--------+-----+--------+

Top non-repeatable levels by time:
     D:1: 365 daAuts
